 Dungeon Crawl Stone Soup version 0.28.0-53-g5a82cb258f (webtiles) character file.

Game seed: 15398300014190898839

3371 DocClef the Magician (level 10, -3/73 HPs)
             Began as a Gnoll Fire Elementalist on July 12, 2022.
             Was a Follower of Qazlal.
             Slain by a hornet (10 damage)
             ... on level 9 of the Dungeon.
             The game lasted 00:12:54 (11084 turns).

DocClef the Magician (Gnoll Fire Elementalist)     Turns: 11084, Time: 00:12:54

Health: -3/73      AC: 15    Str: 13    XL:     10   Next: 3%
Magic:  0/20       EV: 14    Int: 19    God:    Qazlal [*.....]
Gold:   352        SH:  1    Dex: 13    Spells: 14/23 levels left

rFire   . . .      SeeInvis .   d - +1 dagger (venom)
rCold   . . .      Faith    .   (no shield)
rNeg    . . .      Spirit   .   G - +0 acid dragon scales
rPois   .          Reflect  .   o - +0 helmet
rElec   +          Harm     .   (no cloak)
rCorr   +          Rampage  +   u - +0 pair of gloves
Will    .....                   n - +1 pair of boots of Xataodd {Rampage rElec Regen+ Slay+3}
Stlth   +++.......              (no amulet)
HPRegen 1.02/turn               i - +4 ring of protection
MPRegen 0.17/turn               y - +6 ring of strength

@: lethally poisoned (-3 -> -4), mesmerised
A: fangs 1, strong nose, distributed training
a: Renounce Religion


You were on level 9 of the Dungeon.
You worshipped Qazlal.
Qazlal was aware of your devotion.
You visited 2 branches of the dungeon, and saw 10 of its levels.

You collected 352 gold pieces.

Inventory:

Hand Weapons
 d - a +1 dagger of venom (weapon)
Armour
 n - the +1 pair of boots of Xataodd (worn) {Rampage rElec Regen+ Slay+3}
   (You found it on level 3 of the Dungeon)

   Slay:      It affects your accuracy & damage with ranged weapons and melee
   (+3).
   rElec:     It insulates you from electricity.
   Regen:     It increases your rate of health regeneration.
   Rampage:   It bestows one free step when moving towards enemies.
 o - a +0 helmet (worn)
 u - a +0 pair of gloves (worn)
 G - +0 acid dragon scales (worn)
Jewellery
 i - a +4 ring of protection (left hand)
 y - a +6 ring of strength (right hand)
Wands
 C - a wand of digging (1)
 D - a wand of polymorph (3)
Scrolls
 e - 3 scrolls of enchant weapon {unknown}
 f - 6 scrolls of identify {unknown}
 m - 2 scrolls of noise {unknown}
 p - 2 scrolls of vulnerability {unknown}
 r - a scroll of fog {unknown}
 s - a scroll of brand weapon {unknown}
 t - a scroll of enchant armour {unknown}
 v - 4 scrolls of magic mapping {unknown}
 z - a scroll of silence {unknown}
 B - a scroll of amnesia {unknown}
 E - a scroll of blinking {unknown}
 F - a scroll of torment {unknown}
Potions
 b - 2 potions of attraction {unknown}
 c - a potion of degeneration {unknown}
 g - a potion of resistance {unknown}
 h - 3 potions of curing {unknown}
 j - 3 potions of heal wounds {unknown}
 k - 3 potions of brilliance {unknown}
 l - 2 potions of invisibility {unknown}
 q - a potion of flight {unknown}
 w - a potion of berserk rage {unknown}
 x - a potion of might {unknown}
 A - a potion of ambrosia {unknown}


   Skills:
 + Level 4.8 Fighting
 + Level 4.8 Short Blades
 + Level 4.8 Long Blades
 + Level 4.8 Axes
 + Level 4.8 Maces & Flails
 + Level 4.8 Polearms
 + Level 4.8 Staves
 + Level 4.8 Slings
 + Level 4.8 Bows
 + Level 4.8 Crossbows
 + Level 4.8 Throwing
 + Level 4.8 Armour
 + Level 6.7 Dodging
 + Level 6.5 Stealth
 + Level 4.8 Shields
 + Level 4.8 Unarmed Combat
 + Level 7.0 Spellcasting
 + Level 4.6 Conjurations
 + Level 4.0 Hexes
 + Level 4.0 Summonings
 + Level 4.0 Necromancy
 + Level 4.0 Translocations
 + Level 4.0 Transmutations
 + Level 6.8 Fire Magic
 + Level 4.0 Ice Magic
 + Level 4.0 Air Magic
 + Level 4.0 Earth Magic
 + Level 4.0 Poison Magic
 + Level 5.3 Invocations
 + Level 4.8 Evocations


You had 14 spell levels left.
You knew the following spells:

 Your Spells              Type           Power      Damage    Failure   Level
a - Foxfire               Conj/Fire      100%       2x1d9     1%          1
b - Scorch                Fire           64%        2d8       1%          2
c - Inner Flame           Hex/Fire       27%        N/A       4%          3
d - Conjure Flame         Conj/Fire      28%        6-21      4%          3

Your spell library contained the following spells:

 Spells                   Type           Power      Damage    Failure   Level
 Summon Small Mammal      Summ           88%        N/A       2%          1
 Blink                    Tloc           44%        N/A       4%          2
 Call Canine Familiar     Summ           22%        N/A       9%          3
 Lesser Beckoning         Tloc           22%        N/A       9%          3
 Ozocubu's Armour         Ice            22%        N/A       9%          3
 Summon Guardian Golem    Hex/Summ       22%        N/A       9%          3
 Flame Wave               Conj/Fire      28%        2d8       13%         4
 Manifold Assault         Tloc           22%        N/A       58%         5
 Metabolic Englaciation   Hex/Ice        11%        N/A       58%         5
 Dispersal                Tloc           11%        N/A       99%         6
 Simulacrum               Ice/Necr       11%        N/A       99%         6
 Malign Gateway           Summ/Tloc      11%        N/A       100%        7
 Disjunction              Tloc           11%        N/A       100%        8
 Summon Horrible Things   Summ           11%        N/A       100%        8


Dungeon Overview and Level Annotations

Branches:
Dungeon (9/15)             Temple (1/1) D:7
   Lair: D:8-11         Orc: D:9-12

Altars:
Ashenzari
Cheibriados
Dithmenos
Elyvilon
Fedhas
Gozag
Kikubaaqudgha
Makhleb
Nemelex Xobeh
Okawaru
Qazlal
Ru
Sif Muna
Trog
Uskayaw
Vehumet
Wu Jian
Xom
Yredelemnul
Zin
The Shining One

Shops:
D:6 *   D:8 [

Portals:
Abyss: D:4

Annotations:
D:3 3 runed translucent doors, Yogidamonk's ghost, amateur MiFi
D:4 2 transporters, SuperSeabass's ghost, amateur MiAM
D:6 1 runed translucent door, WANAX's ghost, novice HOBe
D:9 Maggie


Innate Abilities, Weirdness & Mutations

You have very sharp teeth.
Your uncanny sense of smell can sniff out nearby items.
Your experience applies equally to all skills.


Message History

Unknown command.
You feel sick.
You open the door. 3 gnolls come into view.
A gnoll is wielding a +2 flail of draining.
You feel sick.
Found a faded altar of an unknown god.
A gnoll sergeant and a gnoll come into view.
Found two faded altars of an unknown god.
You feel yourself speed up.
You feel sick.
The gnoll shouts!
The gnoll sergeant shouts!
You hear two shouts!
The gnoll sergeant hits the plant with a +0 spear.
The plant begins to die.
A gnoll comes into view. It is wielding a +0 spear.
The gnoll hits the plant with a +0 whip.
A two-headed ogre comes into view. It is wielding two +0 giant clubs.
The hornet barely misses you.
Maggie mumbles some strange words.
Maggie attempts to bespell you!
You are mesmerised by Maggie!
There is an open door here.
You feel sick.
You are no longer poisoned.
The hornet stings you.
* * * LOW HITPOINT WARNING * * *
You are poisoned.
You feel yourself slow down.
Something hits the plant.
The plant begins to die.
Okay, then.
You are too injured to fight recklessly!
Casting: Conjure Flame (dangerous; 4% risk of failure)
Confirm with . or Enter, or press ? or * to list all spells.
The fire begins to smoulder!
The gnoll shouts!
You feel yourself speed up.
You feel very sick.
You hear a shout!
The hornet stings you but does no damage.
Something hits the plant!
The hornet stings you!
You die...

#.......#
#.......#
#.....?.#
#....<).#
#.......#
#......o#####
#....<.@y†o.##
#.......###@.##
#.....### #@y.#
#.....# ##'##
#.....# #.....#
#.....# #...._..#
#..>..##.........#
#.....##._.≈≈Pg..#
#...P⌠..g.#
#._.PPPg.g#
#..Ogg....#


You could see Maggie (mesmerising), a hornet, an orc warrior and 4 gnolls.

Vanquished Creatures
  A steam dragon (D:6)
  An acid dragon (D:9)
  A water moccasin (D:8)
  An orc warrior (D:6)
  An ice beast (D:7)
  2 black bears
  An ogre (D:6)
  A necrophage (D:5)
  4 centaurs
  A phantom (D:6)
  2 kobold brigands (D:7)
  Blork the orc (D:6)
  2 bullfrogs (D:9)
  A gnoll sergeant (D:8)
  2 scorpions
  A water moccasin zombie (D:6)
  A water moccasin skeleton (D:4)
  4 killer bees (D:7)
  4 wights (D:6)
  A jelly (D:6)
  3 centaur skeletons (D:7)
  3 centaur zombies
  4 orc priests
  A bullfrog skeleton (D:7)
  2 gnoll shamans
  A hound (D:5)
  3 iguanas
  6 orc wizards
  2 killer bee zombies (D:7)
  A hound skeleton (D:5)
  Robin (D:4)
  20 gnolls
  5 adders
  2 white imps
  3 ufetubi
  3 adder skeletons
  4 worms
  22 orcs
  4 bats
  4 endoplasms
  2 giant cockroaches
  15 goblins
  12 hobgoblins
  2 jackals (D:5)
  22 kobolds
  2 quokkas
  6 ball pythons
  3 frilled lizards
  5 rats
196 creatures vanquished.

Vanquished Creatures (others)
  852 foxfires
852 creatures vanquished.

Grand Total: 1048 creatures vanquished

Notes
Turn   | Place    | Note
-------+----------+-------------------------------------------
     0 | D:1      | DocClef the Gnoll Fire Elementalist began the quest for the
                  | Orb.
     0 | D:1      | Reached XP level 1. HP: 13/13 MP: 6/6
   260 | D:1      | Found a faded altar of an unknown god.
   268 | D:1      | Reached XP level 2. HP: 19/19 MP: 0/7
  1367 | D:2      | Found a hide-covered altar of Uskayaw.
  1461 | D:2      | Reached XP level 3. HP: 19/25 MP: 9/9
  1583 | D:2      | Reached skill level 5 in Spellcasting
  1866 | D:2      | Reached skill level 1 in Invocations
  2419 | D:3      | Reached skill level 1 in Fighting
  2419 | D:3      | Reached skill level 1 in Short Blades
  2419 | D:3      | Reached skill level 1 in Long Blades
  2419 | D:3      | Reached skill level 1 in Axes
  2419 | D:3      | Reached skill level 1 in Maces & Flails
  2419 | D:3      | Reached skill level 1 in Polearms
  2419 | D:3      | Reached skill level 1 in Staves
  2419 | D:3      | Reached skill level 1 in Slings
  2419 | D:3      | Reached skill level 1 in Bows
  2419 | D:3      | Reached skill level 1 in Crossbows
  2419 | D:3      | Reached skill level 1 in Throwing
  2419 | D:3      | Reached skill level 1 in Armour
  2419 | D:3      | Reached skill level 1 in Shields
  2419 | D:3      | Reached skill level 1 in Unarmed Combat
  2419 | D:3      | Reached skill level 1 in Evocations
  2424 | D:3      | Reached XP level 4. HP: 32/32 MP: 1/11
  2458 | D:3      | Reached skill level 1 in Hexes
  2458 | D:3      | Reached skill level 1 in Summonings
  2458 | D:3      | Reached skill level 1 in Necromancy
  2458 | D:3      | Reached skill level 1 in Translocations
  2458 | D:3      | Reached skill level 1 in Transmutations
  2458 | D:3      | Reached skill level 1 in Ice Magic
  2458 | D:3      | Reached skill level 1 in Air Magic
  2458 | D:3      | Reached skill level 1 in Earth Magic
  2458 | D:3      | Reached skill level 1 in Poison Magic
  2896 | D:3      | Reached XP level 5. HP: 35/37 MP: 7/12
  3724 | D:3      | Found a runed translucent gate.
  3724 | D:3      | Found a runed translucent gate.
  3725 | D:3      | Found a runed translucent gate.
  3726 | D:3      | Noticed Yogidamonk's ghost (amateur MiFi)
  3754 | D:3      | Identified the +1 pair of boots of Xataodd {Rampage rElec
                  | Regen+ Slay+3}
  3808 | D:4      | Noticed a black bear
  3814 | D:4      | Killed a black bear
  3815 | D:4      | Reached XP level 6. HP: 39/44 MP: 7/13
  3963 | D:4      | Reached skill level 5 in Dodging
  4109 | D:4      | Noticed Robin
  4123 | D:4      | Killed Robin
  4243 | D:4      | Found a one-way gate to the infinite horrors of the Abyss.
  4243 | D:4      | Noticed SuperSeabass's ghost (amateur MiAM)
  4243 | D:4      | Noticed a small abomination
  4248 | D:4      | Found a transporter.
  4335 | D:4      | Found a transporter.
  4383 | D:4      | Reached XP level 7. HP: 50/50 MP: 15/15
  4808 | D:5      | Entered Level 5 of the Dungeon
  5327 | D:5      | Reached skill level 5 in Stealth
  5465 | D:5      | Reached XP level 8. HP: 50/57 MP: 11/16
  6656 | D:6      | Reached skill level 6 in Spellcasting
  6805 | D:6      | Noticed Blork the orc
  6817 | D:6      | Killed Blork the orc
  7194 | D:6      | Learned a level 2 spell: Scorch
  7198 | D:6      | Learned a level 3 spell: Inner Flame
  7202 | D:6      | Learned a level 3 spell: Conjure Flame
  7436 | D:6      | Found a runed translucent door.
  7444 | D:6      | Reached XP level 9. HP: 56/65 MP: 11/18
  7448 | D:6      | Noticed WANAX's ghost (novice HOBe)
  7527 | D:6      | Found Soppexkas's Serpentskin Sales.
  8139 | D:7      | Found a staircase to the Ecumenical Temple.
  8258 | Temple   | Entered the Ecumenical Temple
  8467 | Temple   | Became a worshipper of Qazlal Stormbringer
 10130 | D:8      | Reached * piety under Qazlal
 10144 | D:8      | Reached skill level 5 in Invocations
 10746 | D:8      | Found Zuclyl's Armour Emporium.
 10968 | D:9      | Reached skill level 7 in Spellcasting
 10982 | D:9      | Reached XP level 10. HP: 73/73 MP: 5/20
 11070 | D:9      | Noticed Maggie
 11072 | D:9      | Paralysed by a hornet for 3 turns
 11081 | D:9      | Found a faded altar of an unknown god.
 11082 | D:9      | Found a faded altar of an unknown god.
 11082 | D:9      | Found a faded altar of an unknown god.
 11082 | D:9      | Noticed a two-headed ogre
 11084 | D:9      | Slain by a hornet

Illustrated notes

Levels and vault maps discovered:
D:1:      saegor_arrival_simple_b, layout_basic,
          dreamdust_ecumenical_altar_statues
D:2:      layout_loops_ring, basic_altar
D:3:      layout_loops_ring, gammafunk_ghost_necromancy
D:4:      layout_basic, gammafunk_ghost_abyssal_escape, uniq_robin
D:5:      layout_layer_cave, minmay_misc_feat_doors, kennysheep_generic_room_10
D:6:      nicolae_BIG_FREAKIN_CUBE, layout_gridville, ebering_ghost_sewer_d,
          guppyfry_shop_venom, uniq_blork_the_orc
D:7:      layout_gridville, minmay_temple_entry_nine_rooms,
          serial_co_window_serial, co_window_corner_a,
          co_window_of_opportunity_a, co_window_of_opportunity_a,
          co_window_of_opportunity_a, co_window_paths_a, co_window_paths_a,
          co_window_paths_b, co_window_broadway_c, co_window_cross_3,
          co_window_of_opportunity_b, co_window_cross_3,
          co_window_of_opportunity_b, co_window_corner_ca,
          co_window_unsneaky_path_a, glass_columns_a, glass_columns_a,
          glass_columns_b, glass_columns_a
D:8:      layout_cave_pools, serial_shops, shop
D:9:      layout_cross, nicolae_hepliaklqana_ecumenical_no_more, uniq_maggie
Temple:   kilobyte_greek_temple

Skill      XL: |  1  2  3  4  5  6  7  8  9 |
---------------+----------------------------+-----
Conjurations   | 2 3 4 |  4.6
Spellcasting   | 5 6 7 |  7.0
Invocations    | 1 2 3 4 5 |  5.3
Fighting       | 1 2 3 4 |  4.8
Short Blades   | 1 2 3 4 |  4.8
Long Blades    | 1 2 3 4 |  4.8
Axes           | 1 2 3 4 |  4.8
Maces & Flails | 1 2 3 4 |  4.8
Polearms       | 1 2 3 4 |  4.8
Staves         | 1 2 3 4 |  4.8
Slings         | 1 2 3 4 |  4.8
Bows           | 1 2 3 4 |  4.8
Crossbows      | 1 2 3 4 |  4.8
Throwing       | 1 2 3 4 |  4.8
Armour         | 1 2 3 4 |  4.8
Shields        | 1 2 3 4 |  4.8
Unarmed Combat | 1 2 3 4 |  4.8
Evocations     | 1 2 3 4 |  4.8
Hexes          | 1 2 3 4 |  4.0
Summonings     | 1 2 3 4 |  4.0
Necromancy     | 1 2 3 4 |  4.0
Translocations | 1 2 3 4 |  4.0
Transmutations | 1 2 3 4 |  4.0
Ice Magic      | 1 2 3 4 |  4.0
Air Magic      | 1 2 3 4 |  4.0
Earth Magic    | 1 2 3 4 |  4.0
Poison Magic   | 1 2 3 4 |  4.0
Dodging        | 5 6 |  6.7
Stealth        | 5 6 |  6.5
Fire Magic     | 6 |  6.8

Action                   |  1- 3 |  4- 6 |  7- 9 | 10-12 || total
-------------------------+-------+-------+-------+-------++-------
Melee: Unarmed           |     5 |       |       |       ||     5
       Dagger            |    65 |   103 |   132 |       ||   300
       Bite              |     4 |     8 |    19 |       ||    31
       Punch             |     2 |     3 |     6 |       ||    11
 Cast: Foxfire           |    39 |    64 |   371 |    11 ||   485
       Conjure Flame     |       |       |     8 |     3 ||    11
       Inner Flame       |       |       |     3 |     1 ||     4
 Stab: Sleeping          |     5 |     6 |     1 |       ||    12
Armor: Robe              |     9 |    17 |    57 |       ||    83
       Acid dragon scale |       |       |       |     3 ||     3
Dodge: Dodged            |    36 |    80 |   127 |     6 ||   249
Block: Other             |       |       |     1 |       ||     1
